 Dungeon Crawl Stone Soup version 0.32-a0-7-ge934b4519a (webtiles) character file.

Game seed: 13686059939306649824

1796 timneilson the Ruffian (level 9, -2/61 HPs)
             Began as an Octopode Shapeshifter on Jan 14, 2024.
             Was an Initiate of Gozag.
             Slain by an unseen horror (11 damage)
             ... on level 6 of the Dungeon.
             The game lasted 00:09:32 (5846 turns).

timneilson the Ruffian (Octopode Shapeshifter)      Turns: 5846, Time: 00:09:33

Health: -2/61      AC:  1    Str: 18    XL:     9   Next: 9%
Magic:  9/9        EV: 13    Int: 12    God:    Gozag
Gold:   360        SH:  8    Dex: 11    Spells: 8/8 levels left

rFire   . .          .
                       - Unarmed
rCold   . . .        n - +0 kite shield {rPois}
rNeg    . . .        (helmet currently unavailable)
rPois   +            (no amulet)
rElec   .            l - ring of flight
rCorr   .            (no ring)
SInv    .            (no ring)
Will    .....        (no ring)
Stlth   ++++         (no ring)
HPRegen 0.30/turn    (no ring)
MPRegen 0.11/turn    (no ring)
                     (no ring)

%: no passive effects
@: beast-form, flying
A: beast (slay +3), almost no armour, amphibious, 8 rings, camouflage 1,
gelatinous body 1, (nimble swimmer 1), tentacles
a: Begin Untransformation, Renounce Religion, Potion Petition, Call Merchant,
Bribe Branch


You were on level 6 of the Dungeon.
You worshipped Gozag.
Gozag was aware of your devotion.
You were a hulking beast.
You visited 1 branch of the dungeon, and saw 6 of its levels.

You collected 448 gold pieces.
You paid 88 gold pieces to Gozag.

Inventory:

Armour
 n - a +0 kite shield of poison resistance (worn)
Jewellery
 e - a ring of fire
 l - a ring of flight (left tentacle)
Talismans
 b - a beast talisman
 c - a flux talisman
Wands
 f - a wand of charming (23)
 i - a wand of flame (16)
 k - a wand of polymorph (6)
Scrolls
 d - 3 scrolls of vulnerability
 h - a scroll of amnesia
 j - a scroll of identify
Potions
 a - 2 potions of lignification
 g - a potion of resistance
 m - a potion of cancellation
 o - a potion of heal wounds {unknown}


   Skills:
 * Level 5.0 Fighting
 * Level 5.4 Dodging
 + Level 4.8 Stealth
 + Level 2.5 Shields
 * Level 5.7 Unarmed Combat
 + Level 2.8 Evocations
 * Level 5.4 Shapeshifting


You had 8 spell levels left.
You didn't know any spells.
Your spell library contained the following spells:

 Spells                   Type           Power      Damage    Failure   Level
 Necrotise                Necr           0%         1d4       65%         1
 Slow                     Hex            0%         N/A       65%         1
 Confusing Touch          Hex            0%         N/A       95%         3
 Hailstorm                Conj/Ice       0%         3d5       95%         3
 Sigil of Binding         Hex            0%         N/A       95%         3
 Summon Ice Beast         Ice/Summ       0%         N/A       95%         3
 Tukima's Dance           Hex            0%         N/A       95%         3
 Vampiric Draining        Necr           0%         2d6       95%         3
 Martyr's Knell           Necr/Summ      0%         N/A       100%        4
 Passage of Golubria      Tloc           0%         N/A       100%        4
 Curse of Agony           Necr           0%         N/A       100%        5
 Yara's Violent Unravell  Hex/Alch       0%         3d3       100%        5
 Sculpt Simulacrum        Ice/Alch       0%         N/A       100%        6


Dungeon Overview and Level Annotations

Branches:
Dungeon (6/15)
 Temple: D:4-7

Altars:
Ashenzari
Fedhas
Gozag
Qazlal
Uskayaw
Xom
The Shining One


Innate Abilities, Weirdness & Mutations

You are a hulking beast.
Your limbs bulge with bestial killing power. (Slay +3)
You cannot wear most types of armour.
You are amphibious.
You can wear up to eight rings at the same time.
Your skin changes colour to match your surroundings (Stealth+).
Your rubbery body absorbs attacks. (AC +1, EV +1)
((You are camouflaged when in or above water. (Stealth+)))
You have tentacles for arms and can constrict up to eight enemies at once.


Message History

The killer bee zombie hits the plant.
The killer bee zombie hits the plant.
You now have 360 gold pieces (gained 14).
Found a stone staircase leading up.
There is a stone staircase leading up here.
Things that are here:
a +0 club; 3 boomerangs; a +0 leather armour
There is a stone staircase leading down here.
Done exploring.
Done exploring.
Blink to where?
Press: ? - help, Dir - move target
As you read the scroll labelled MEABA JOMO, it crumbles to dust.
It was a scroll of blinking.
There is a stone staircase leading down here.
You fly downwards.
Found a stone staircase leading down.
There is a stone staircase leading up here.
Found a stone staircase leading down.
j - a scroll of identify
o - a sedimented black potion Something hits you but does no damage.
Deactivating autopickup; reactivate with Ctrl-A.
You closely miss something. Your squeeze misses something. Something hits you.
Something hits you but does no damage. Something hits you!
You block something's attack. Something hits you! You block something's attack.
Something hits you.
You completely miss something. Your squeeze misses something.
Something hits you! Something hits you but does no damage.
You closely miss something. Something hits you. You block something's attack.
You bludgeon something! Something hits you but does no damage.
You tentacle-slap something but do no damage.
Something hits you.
* * * LOW HITPOINT WARNING * * *
You swing at nothing.
Something hits you!
* * * LOW HITPOINT WARNING * * *
You block something's attack.
You tentacle-slap something. Something hits you!
You die...
Your body crumbles into a pile of gold.

# #... #.######..####
.............
#........##.#
#........#
####.##..#####
##.##......#
##.#.#..#...######
##h###..##.#..<....
#.## ##.##.....>...
#.###.###..###.######.
#......#.#.###.##
####............#
#............#..#
#.##.##....#.#..# # #.
#...##.#..# #.
#...##.#..#


There were no monsters in sight!

Vanquished Creatures
  Pikel (D:4)
  Edmund (D:3)
  A water moccasin (D:5)
  2 black bears (D:5)
  A centaur (D:5)
  A phantom (D:5)
  2 lemures (D:4)
  Blork the orc (D:4)
  2 scorpions
  A bombardier beetle (D:4)
  A jelly (D:4)
  2 orc priests
  3 hounds
  Ijyb (D:4)
  An orc wizard (D:5)
  Natasha (thrice) (D:3)
  2 iguanas
  6 adders
  5 gnolls
  3 ufetubi (D:5)
  2 dart slugs
  A ribbon worm (D:5)
  15 orcs
  3 ball pythons
  10 endoplasms
  7 giant cockroaches
  9 goblins
  11 hobgoblins
  2 jackals (D:1)
  8 kobolds
  5 quokkas
  9 bats
  4 frilled lizards
  2 rats
128 creatures vanquished.

Vanquished Creatures (others)
  A centaur (D:5)
  An orc priest (D:5)
  3 iguanas (D:5)
  A gnoll (D:5)
  A ribbon worm (D:5)
7 creatures vanquished.

Grand Total: 135 creatures vanquished

Notes
Turn   | Place    | Note
-------+----------+-------------------------------------------
     0 | D:1      | timneilson the Octopode Shapeshifter began the quest for
                  | the Orb.
     0 | D:1      | Reached XP level 1. HP: 13/13 MP: 1/1
    19 | D:1      | You fall into a shaft and drop 1 floor!
   129 | D:1      | Reached XP level 2. HP: 18/18 MP: 2/2
   308 | D:1      | Reached XP level 3. HP: 21/23 MP: 3/3
   312 | D:1      | Reached skill level 1 in Stealth
  1121 | D:2      | Reached XP level 4. HP: 19/29 MP: 4/4
  1998 | D:2      | Reached XP level 5. HP: 35/35 MP: 5/5
  2465 | D:3      | Noticed Natasha
  2472 | D:3      | Killed Natasha
  2473 | D:3      | Reached XP level 6. HP: 39/41 MP: 6/6
  2511 | D:3      | Found a faded altar of an unknown god.
  2553 | D:3      | Noticed Natasha
  2566 | D:3      | Killed Natasha
  2602 | D:3      | Noticed Natasha
  2608 | D:3      | Killed Natasha
  3364 | D:4      | Noticed Edmund
  3366 | D:4      | Noticed Ijyb
  3376 | D:4      | Killed Ijyb
  3560 | D:4      | Noticed Blork the orc
  3570 | D:4      | Killed Blork the orc
  3679 | D:4      | Noticed Pikel
  3689 | D:4      | Reached XP level 7. HP: 46/46 MP: 7/7
  3726 | D:4      | HP: 1/46 [Pikel/+1 whip of flaming (3)]
  3730 | D:4      | Killed Pikel
  3731 | D:4      | Reached skill level 1 in Shields
  3731 | D:4      | Reached skill level 1 in Evocations
  3731 | D:4      | Reached XP level 8. HP: 15/54 MP: 8/8
  3927 | D:4      | Found a hide-covered altar of Uskayaw.
  4289 | D:3      | HP: 2/47 [Edmund/+2 flail of draining (3)]
  4293 | D:3      | Killed Edmund
  4294 | D:3      | Reached skill level 5 in Unarmed Combat
  4653 | D:5      | Entered Level 5 of the Dungeon
  4673 | D:5      | Reached skill level 5 in Shapeshifting
  4853 | D:5      | Reached skill level 5 in Dodging
  4859 | D:5      | Found an opulent altar of Gozag.
  4860 | D:5      | Found a glowing golden altar of the Shining One.
  4861 | D:5      | Found a stormy altar of Qazlal.
  4866 | D:5      | Became a worshipper of Gozag Ym Sagoz the Greedy
  4972 | D:5      | Found a shimmering altar of Xom.
  4991 | D:5      | Reached XP level 9. HP: 40/60 MP: 9/9
  5248 | D:5      | Found a broken altar of Ashenzari.
  5286 | D:5      | Reached skill level 5 in Fighting
  5544 | D:5      | Found a blossoming altar of Fedhas.
  5846 | D:6      | Slain by an unseen horror

Illustrated notes

Levels and vault maps discovered:
D:1:      onia_arrival_pentagram, layout_basic, minmay_misc_feat_square
D:2:      wad_woods_settlement, layout_basic, serial_glass, glass_columns_b,
          glass_columns_a
D:3:      layout_basic, ebering_ecumenical_altar_sacrificial, uniq_natasha
D:4:      minmay_angry_zag, layout_basic, lemuel_doored_altar, uniq_edmund,
          uniq_ijyb, uniq_pikel, uniq_blork_the_orc
D:5:      layout_loops_ring, mainiacjoe_overflow_alcove_1, xom_confusion_cloud,
          gammafunk_temple_overflow_forgotten, fedhas_altar_decomposition
D:6:      layout_loops_ring, old_standard_altar, minmay_temple_entry_poolview

Skill      XL: |  1  2  3  4  5  6  7  8  9 |
---------------+----------------------------+-----
Stealth        | 1 2 3 4 |  4.8
Fighting       | 2 3 4 5 |  5.0
Dodging        | 3 4 5 |  5.4
Unarmed Combat | 4 5 |  5.7
Shapeshifting  | 4 5 |  5.4
Shields        | 1 2 |  2.5
Evocations     | 1 2 |  2.8

Action                     |  1- 3 |  4- 6 |  7- 9 || total
---------------------------+-------+-------+-------++-------
  Melee: Unarmed           |    74 |    94 |   115 ||   283
         Constrict         |    18 |    25 |    32 ||    75
         Tentacles         |    13 |    21 |    36 ||    70
         Punch             |     2 |     5 |     9 ||    16
    Use: Scroll            |     1 |     6 |     3 ||    10
         Potion            |       |       |     5 ||     5
   Stab: Sleeping          |     5 |    13 |     3 ||    21
         Distracted        |       |       |     1 ||     1
 Armour: Skin              |    28 |    43 |    73 ||   144
  Dodge: Dodged            |    47 |    31 |    54 ||   132
  Block: Kite shield       |       |     4 |    47 ||    51

Table legend: (Time is in decaauts)
 A = Elapsed time spent in this place.
 B = Non-inter-level travel time spent in this place.
 C = Inter-level travel time spent in this place.
 D = Time resting spent in this place.
 E = Time spent auto-exploring this place.
 F = Levels seen in this place.
 G = Mean time per level.
                   A        B        C        D        E       F      G
               +--------+--------+--------+--------+--------+-----+--------+
         Total |   5856 |   5626 |    230 |    716 |   3726 |   6 |  976.0 |
       Dungeon |   5856 |   5626 |    230 |    716 |   3726 |   6 |  976.0 |
               +--------+--------+--------+--------+--------+-----+--------+

Top non-repeatable levels by time:
     D:3: 1546 daAuts
     D:4: 1166 daAuts
     D:2: 1138 daAuts
     D:5: 1035 daAuts
     D:1: 924 daAuts
     D:6: 44 daAuts
